 Dungeon Crawl Stone Soup version 0.30-a0-636-g200c5c4a83 (webtiles) character file.

Game seed: 5453648599270133248

10984 mrchoslav the Cleaver (level 11, 0/101 HPs)
             Began as a Minotaur Berserker on Jan 15, 2023.
             Was a High Priest of Trog.
             Slain by an anaconda simulacrum (11 damage)
             ... in an ice cave.
             The game lasted 01:05:04 (11643 turns).

mrchoslav the Cleaver (Minotaur Berserker)         Turns: 11643, Time: 01:05:05

Health: 0/101      AC: 22    Str: 26    XL:     11   Next: 43%
Magic:  3/3        EV: 10    Int:  4    God:    Trog [*****.]
Gold:   567        SH:  0    Dex: 14    Spells: 10/10 levels left

rFire   . . .      SeeInvis +    A - +11 battleaxe of Blood {antimagic, Dex+4 SInv Stlth+}
rCold   + . .      Faith    .    (shield currently unavailable)
rNeg    . . .      Spirit   .    Y - +0 plate armour {rC+}
rPois   .          Reflect  .    (helmet restricted)
rElec   .          Harm     .    D - +0 cloak
rCorr   .          Rampage  .    E - +0 pair of gloves
Will    ++...                    (no boots) Stlth
                                 (no amulet)
HPRegen 1.36/turn                R - +4 ring of protection
MPRegen 0.08/turn                h - +5 ring of evasion

@: strong-willed, regenerating, hasted, constricted, very quick
A: horns 2, retaliatory headbutt
a: Renounce Religion, Berserk, Trog's Hand, Brothers in Arms


You were in an ice cave.
You worshipped Trog.
Trog was extremely pleased with you.
You visited 3 branches of the dungeon, and saw 12 of its levels.
You also visited: Sewer, Bailey and Ice Cave.

You collected 958 gold pieces.
You spent 391 gold pieces at shops.

Inventory:

Hand Weapons
 a - a +0 hand axe {lol}
 d - a +2 sling of flaming
 k - a +2 dagger of venom
 l - a +0 trident of venom
 u - a +0 great sword of holy wrath
 A - the +11 battleaxe of Blood (weapon) {antimagic, Dex+4 SInv Stlth+}
   (Trog gifted it to you on level 2 of the Orcish Mines)

   Dex:       It affects your dexterity (+4).
   SInv:      It lets you see invisible.
   Stlth:     It makes you more stealthy.
 K - a +1 dagger of draining
 L - a +0 dagger of speed
 W - a +4 scimitar of freezing
Armour
 B - a +0 buckler
 D - a +0 cloak (worn)
 E - a +0 pair of gloves (worn)
 J - an orb of guile
 M - the +0 plate armour of Pride {Str+3}
   (You found it on level 4 of the Dungeon)

   Str:       It affects your strength (+3).
 P - the +6 ring mail "Wastruki" {rN+ rCorr}
   (You found it on level 5 of the Dungeon)

   rN:        It protects you from negative energy.
   rCorr:     It protects you from acid and corrosion.
 T - a +2 chain mail of positive energy
 Y - a +0 plate armour of cold resistance (worn)
Jewellery
 h - a +5 ring of evasion (right hand)
 p - a +6 ring of intelligence
 y - a ring of protection from fire
 F - an amulet of reflection
 O - a +6 ring of dexterity
 R - a +4 ring of protection (left hand)
Wands
 b - a wand of flame (12)
 Q - a wand of iceblast (9)
 S - a wand of charming (5)
Scrolls
 e - a scroll of immolation {unknown}
 g - 3 scrolls of torment {unknown}
 i - a scroll of noise
 m - a scroll of fog {unknown}
 t - 3 scrolls of summoning {unknown}
 x - 6 scrolls of teleportation {unknown}
 G - a scroll of enchant weapon {unknown}
 N - a scroll of identify
 U - 2 scrolls of brand weapon {unknown}
 V - a scroll of vulnerability {unknown}
 Z - a scroll of poison {unknown}
Potions
 c - 3 potions of lignification
 j - 2 potions of might
 n - 3 potions of flight
 o - a potion of attraction
 q - a potion of curing
 s - 2 potions of magic {unknown}
 v - 2 potions of mutation
 w - 2 potions of cancellation
 z - 2 potions of brilliance {unknown}
 C - a potion of resistance {unknown}
 H - a potion of degeneration {unknown}
 I - 4 potions of haste
 X - 2 potions of ambrosia
Miscellaneous
 f - a tin of tremorstones (inert)
 r - a condenser vane


   Skills:
 * Level 10.7 Fighting
 * Level 14.3 Axes
 * Level 12.0 Armour
 - Level 2.3 Dodging
 + Level 5.8 Shields
 + Level 0.1 Evocations


You had 10 spell levels left.
You didn't know any spells.
Your spell library contained the following spells:

 Spells                   Type           Power      Damage    Failure   Level
 Apportation              Tloc           0%         N/A       99%         1
 Necrotise                Necr           0%         1d4       99%         1
 Summon Small Mammal      Summ           0%         N/A       99%         1
 Portal Projectile        Hex/Tloc       0%         N/A       100%        3
 Tukima's Dance           Hex            0%         N/A       100%        3
 Passage of Golubria      Tloc           0%         N/A       100%        4
 Blade Hands              Tmut           0%         N/A       100%        5
 Yara's Violent Unravell  Hex/Tmut       0%         3d3       100%        5


Dungeon Overview and Level Annotations

Branches:
Dungeon (9/15)             Temple (1/1) D:6             Orc (2/2) D:9
    Elf (0/3) Orc:2         Sewer (visited)          Bailey (visited)
  IceCv (1/1)
   Lair: D:8-11

Altars:
Ashenzari
Cheibriados
Dithmenos
Elyvilon
Fedhas
Gozag
Hepliaklqana
Kikubaaqudgha
Makhleb
Nemelex Xobeh
Okawaru
Qazlal
Ru
Sif Muna
Trog
Uskayaw
Vehumet
Wu Jian
Xom
Yredelemnul
Zin
The Shining One

Shops:
D:6 *   D:8 [

Annotations:
Orc:2 1 transporter IceCv exclusion: 2 ice statues


Innate Abilities, Weirdness & Mutations

You have a pair of horns on your head.
You reflexively headbutt those who attack you in melee.


Message History

The ice beast closely misses you. You furiously retaliate!
You headbutt the ice beast.
The ice statue glitters chillingly in the dim dungeon light.
The anaconda simulacrum attacks as you move away!
The anaconda simulacrum barely misses you.
The ice beast hits you but does no damage.
The harpy simulacrum misses you. x2
The anaconda simulacrum barely misses you.
You furiously retaliate!
You headbutt the anaconda simulacrum! The anaconda simulacrum misses you.
The anaconda simulacrum attacks as you move away!
The anaconda simulacrum barely misses you.
You furiously retaliate!
You headbutt the anaconda simulacrum.
The anaconda simulacrum bites you but does no damage.
The ice beast attacks as you move away!
The ice beast hits you but does no damage.
The ice statue gestures at you. The bolt of cold misses you.
The ice statue gestures.
The ice statue gestures.
The ice statue gestures at you.
The freezing blast engulfs you but does no damage.
The anaconda simulacrum barely misses you. x2
The ice beast attacks as you move away! The ice beast barely misses you.
You furiously retaliate!
You headbutt the ice beast!
You are engulfed in freezing vapours.
You resist.
* * * LOW HITPOINT WARNING * * *
The harpy simulacrum misses you. x2
The ice statue gestures.
The ice statue gestures.
The anaconda simulacrum grabs you. The anaconda simulacrum misses you.
The anaconda simulacrum constricts you.
* * * LOW HITPOINT WARNING * * *
The white ugly thing is engulfed in freezing vapours.
The ice beast hits you but does no damage.
You feel yourself speed up.
The harpy simulacrum claws you but does no damage. x2
The anaconda simulacrum bites you!
* * * LOW HITPOINT WARNING * * *
The anaconda simulacrum freezes you! You resist.
You die...

### ############# ####### $$..
##8....#.....## ##.....# .....
##......#......###......#
......#Y...○°Z#.......#.......#
...........uYZ@..........∩..∩.#
......#....○YY#.......#.......#
..... ##....○Y#......###......#
!$.. ##....8#(....## ##.....#
### ############# #######


You could see 2 ice statues, a white ugly thing, 5 ice beasts, an anaconda
simulacrum and a harpy simulacrum.

Vanquished Creatures
  3 two-headed ogres
  An ice statue (IceCv)
  An anaconda simulacrum (IceCv)
  A freezing wraith (IceCv)
  3 trolls (Orc:2)
  Grinder (D:3)
  5 spriggans (Bailey)
  11 yaks
  2 wyverns (D:9)
  A wraith (D:9)
  4 steam dragons
  Menkaure (D:5)
  A warg (Orc:2)
  5 orc warriors
  A black bear (D:7)
  4 ice beasts
  2 centaurs
  4 ogres (Bailey)
  2 bullfrogs (D:7)
  4 kobold brigands
  2 gnoll sergeants
  A necrophage (D:6)
  2 cane toad simulacra (IceCv)
  10 wights
  6 killer bees (D:7)
  2 elephant simulacra (IceCv)
  A lava snake (D:8)
  2 hounds
  4 orc priests
  4 jellies
  Ijyb (D:5)
  Terence (D:2)
  3 iguanas
  8 orc wizards
  A polar bear simulacrum (IceCv)
  A wolf simulacrum (IceCv)
  13 gnolls
  6 adders
  2 river rats (Sewer)
  A shadow imp (D:7)
  15 white imps
  An ufetubus (D:6)
  3 worms
  3 dart slugs
  25 orcs
  14 ball pythons
  9 bats
  9 endoplasms
  7 giant cockroaches
  7 goblins
  11 hobgoblins
  7 jackals
  18 kobolds
  7 quokkas
  3 frilled lizards
  12 rats
  A spectral hobgoblin (D:8)
280 creatures vanquished.

Vanquished Creatures (others)
  A shadow imp (Orc:1)
  An orc (Orc:1)
  3 plants (D:1)
5 creatures vanquished.

Grand Total: 285 creatures vanquished

Notes
Turn   | Place    | Note
-------+----------+-------------------------------------------
     0 | D:1      | mrchoslav the Minotaur Berserker began the quest for the
                  | Orb.
     0 | D:1      | Reached XP level 1. HP: 19/19 MP: 0/0
   293 | D:1      | Reached skill level 4 in Axes
   297 | D:1      | Reached XP level 2. HP: 23/27 MP: 1/1
   785 | D:2      | Noticed Terence
   785 | D:2      | Found a faded altar of an unknown god.
   794 | D:2      | Killed Terence
   795 | D:2      | Reached skill level 5 in Axes
   795 | D:2      | Reached XP level 3. HP: 27/33 MP: 2/2
   896 | D:2      | Reached ** piety under Trog
   897 | D:2      | Reached XP level 4. HP: 40/40 MP: 3/3
  1846 | D:3      | Noticed Grinder
  1874 | D:3      | Killed Grinder
  1875 | D:3      | Reached skill level 6 in Axes
  1875 | D:3      | Reached XP level 5. HP: 36/47 MP: 4/4
  1875 | D:3      | Reached XP level 6. HP: 42/55 MP: 5/5
  2041 | D:3      | Reached skill level 7 in Axes
  2286 | D:3      | Reached *** piety under Trog
  2792 | D:4      | Reached skill level 5 in Fighting
  2809 | D:4      | Identified the +0 plate armour of Pride {Str+3}
  3167 | D:5      | Entered Level 5 of the Dungeon
  3277 | D:5      | Reached XP level 7. HP: 57/61 MP: 6/6
  3294 | D:5      | Reached skill level 1 in Shields
  3581 | D:5      | Identified the +6 ring mail "Wastruki" {rN+ rCorr}
  3654 | D:5      | Noticed Menkaure
  3661 | D:5      | Killed Menkaure
  3662 | D:5      | Reached skill level 8 in Axes
  3662 | D:5      | Reached skill level 5 in Armour
  3952 | D:5      | Noticed Ijyb
  3975 | D:5      | Killed Ijyb
  4075 | D:6      | Found a staircase to the Ecumenical Temple.
  4190 | D:6      | Reached skill level 9 in Axes
  4190 | D:6      | Reached XP level 8. HP: 70/70 MP: 7/7
  4393 | D:6      | Found a glowing drain.
  4412 | Sewer    | Entered a sewer
  4421 | Sewer    | Reached **** piety under Trog
  4617 | Sewer    | Found a glowing silver altar of Zin.
  5117 | D:6      | Found Moig's Assorted Antiques.
  5159 | D:6      | Bought 2 murky purple potions for 50 gold pieces
  5159 | D:6      | Bought a scroll of identify for 56 gold pieces
  5159 | D:6      | Bought a scroll of identify for 56 gold pieces
  5159 | D:6      | Bought a scroll of identify for 56 gold pieces
  5172 | D:6      | Bought an amethyst potion for 25 gold pieces
  5368 | Temple   | Entered the Ecumenical Temple
  5712 | D:7      | Reached skill level 10 in Axes
  5930 | D:7      | Found a flagged portal.
  5942 | Bailey   | Entered a bailey
  5961 | Bailey   | Reached XP level 9. HP: 52/79 MP: 8/8
  6098 | Bailey   | Noticed a two-headed ogre
  6115 | Bailey   | Killed a two-headed ogre
  6116 | Bailey   | Reached skill level 11 in Axes
  6357 | Bailey   | Reached skill level 12 in Axes
  6532 | D:7      | Reached XP level 10. HP: 65/88 MP: 9/9
  7281 | D:8      | Found Qaothuuc's Antique Armour Emporium.
  7302 | D:8      | Noticed a two-headed ogre
  7319 | D:8      | Killed a two-headed ogre
  7320 | D:8      | Reached skill level 10 in Armour
  7320 | D:8      | Reached skill level 5 in Shields
  7519 | D:8      | Bought a scale mail for 148 gold pieces
  7595 | D:8      | Reached skill level 13 in Axes
  7876 | D:8      | Found a hide-covered altar of Uskayaw.
  8278 | D:8      | Found a hazy altar of Hepliaklqana.
  8811 | D:9      | Reached ***** piety under Trog
  8996 | D:9      | Noticed a two-headed ogre
  9009 | D:9      | Killed a two-headed ogre
  9010 | D:9      | Reached skill level 10 in Fighting
  9010 | D:9      | Reached XP level 11. HP: 58/99 MP: 10/10
  9594 | D:9      | Found a staircase to the Orcish Mines.
  9928 | Orc:1    | Entered Level 1 of the Orcish Mines
 10116 | Orc:2    | Entered Level 2 of the Orcish Mines
 10342 | Orc:2    | Found a frozen archway.
 10550 | Orc:2    | Reached skill level 14 in Axes
 10563 | Orc:2    | Identified the +11 battleaxe of Blood {antimagic, Dex+4
                  | SInv Stlth+} (Trog gifted it to you on level 2 of the
                  | Orcish Mines)
 10563 | Orc:2    | Received a gift from Trog
 10706 | Orc:2    | Found a staircase to the Elven Halls.
 10712 | Orc:2    | Found a transporter.
 10717 | Orc:2    | Noticed an orc warlord
 10720 | Orc:2    | Found a bloodstained altar of Trog.
 10722 | Orc:2    | Noticed a two-headed ogre
 10798 | IceCv    | Entered an ice cave
 11187 | IceCv    | Noticed a white ugly thing
 11643 | IceCv    | Slain by an anaconda simulacrum

Illustrated notes

Levels and vault maps discovered:
D:1:      wander_arrival_peaceful_grave, layout_basic,
          chequers_decorated_corner, serial_bayou_lagoon_b
D:2:      layout_basic, nicolae_ecumenical_snake_handling, uniq_terence
D:3:      layout_rooms, minmay_joined_circles, uniq_grinder
D:4:      layout_basic
D:5:      layout_loops_cross, hangedman_decor_growths, uniq_menkaure, uniq_ijyb
D:6:      layout_basic, minmay_temple_entry_junction_2, serial_shops,
          shop_fountains, gup_sewer_entry_pipe
D:7:      layout_rooms, enter_bailey_8
D:8:      layout_basic, mainiacjoe_overflow_paths,
          nicolae_hepliaklqana_monster_ancestors, serial_shops,
          nicolae_inconvenience_store
D:9:      layout_irregular_city, orc_0_dummy
Temple:   nicolae_temple_slightly_damp_pantheon
Orc:1:    layout_diamond_mine, serial_shops, nicolae_shop_behind_doors,
          nicolae_shop_statue_plus, hangedman_minor_magic
Orc:2:    st_orc_mages, layout_diamond_mine, gammafunk_ghost_wrathful_warriors,
          portal_ice_cave_entry_imps
IceCv:    ice_cave_statue_garden_chambered

Skill      XL: |  1  2  3  4  5  6  7  8  9 10 11 |
---------------+----------------------------------+-----
Axes           | 4 5 6 7 9 10 12 13 14 | 14.3
Fighting       | 4 5 7 8 10 | 10.7
Armour         | 4 6 7 9 11 12 | 12.0
Shields        | 2 3 4 5 |  5.8
Dodging        | |  2.3
Evocations     | |  0.1

Action                   |  1- 3 |  4- 6 |  7- 9 | 10-12 || total
-------------------------+-------+-------+-------+-------++-------
Melee: Hand axe          |    53 |   183 |   279 |   320 ||   835
       Headbutt          |    11 |    23 |    42 |    87 ||   163
       Punch             |       |     1 |       |       ||     1
       Battleaxe         |       |       |       |    62 ||    62
Throw: Dart              |       |       |     7 |       ||     7
       Throwing net      |       |       |     2 |     1 ||     3
Invok: Trog's Hand       |       |     1 |     1 |     2 ||     4
       Berserk           |       |       |       |     3 ||     3
Evoke: Tin of tremorston |       |       |       |     2 ||     2
  Use: Scroll            |     1 |     7 |     4 |       ||    12
       Potion            |       |     1 |     1 |     3 ||     5
Armor: Ring mail         |    15 |    28 |       |       ||    43
       Plate armour      |       |    12 |   135 |   256 ||   403
Dodge: Dodged            |    40 |   106 |   162 |   263 ||   571
Block: Buckler           |       |    11 |    42 |    69 ||   122

Table legend: (Time is in decaauts)
 A = Elapsed time spent in this place.
 B = Non-inter-level travel time spent in this place.
 C = Inter-level travel time spent in this place.
 D = Time resting spent in this place.
 E = Time spent auto-exploring this place.
 F = Levels seen in this place.
 G = Mean time per level.
                   A        B        C        D        E       F      G
               +--------+--------+--------+--------+--------+-----+--------+
         Total |  11608 |  10350 |   1258 |   2954 |   4930 |  15 |  773.9 |
       Dungeon |   8896 |   7774 |   1122 |   1805 |   4197 |   9 |  988.4 |
        Temple |    201 |    140 |     61 |      0 |    119 |   1 |  201.0 |
  Orcish Mines |    845 |    771 |     74 |    219 |    372 |   2 |  422.5 |
         Sewer |    367 |    367 |      0 |     92 |    121 |   1 |  367.0 |
        Bailey |    448 |    448 |      0 |    215 |    111 |   1 |  448.0 |
      Ice Cave |    849 |    849 |      0 |    623 |     10 |   1 |  849.0 |
               +--------+--------+--------+--------+--------+-----+--------+

Top non-repeatable levels by time:
     D:8: 1822 daAuts
     D:9: 1125 daAuts
     D:3: 1090 daAuts
     D:6: 1081 daAuts
     D:5: 879 daAuts
   IceCv: 849 daAuts
     D:1: 826 daAuts
     D:7: 798 daAuts
     D:2: 678 daAuts
   Orc:2: 663 daAuts
     D:4: 593 daAuts
  Bailey: 448 daAuts
   Sewer: 367 daAuts
  Temple: 201 daAuts
   Orc:1: 182 daAuts
